 Dungeon Crawl Stone Soup version 0.27-a0-1287-gca74d27db6 (webtiles) character file.

Game seed: 3635066786989533600

331 polio18 the Ruffian (level 6, 0/67 HPs)
             Began as a Troll Monk on June 14, 2021.
             Was a Believer of Qazlal.
             Slain by an orc wizard (3 damage)
             ... on level 4 of the Dungeon.
             The game lasted 00:06:17 (2418 turns).

polio18 the Ruffian (Troll Monk)                    Turns: 2418, Time: 00:06:17

Health: 0/67       AC:  5    Str: 24    XL:     6   Next: 26%
Magic:  5/5        EV: 10    Int:  6    God:    Qazlal [**....]
Gold:   230        SH:  2    Dex: 12    Spells: 5/5 levels left

rFire    . . .     SeeInvis .     - Unarmed
rCold    . . .     Faith    .   (no shield)
rNeg     . . .     Spirit   .   a - +1 robe
rPois    .         Reflect  .   (helmet restricted)
rElec    .         Harm     .   h - scarf {shadows}
rCorr    .         Rampage  .   (gloves unavailable)
Will     .....                  (boots unavailable)
Stlth    +.........             (no amulet)
HPRegen  1.21/turn              (no ring)
MPRegen  0.09/turn              (no ring)

@: no status effects
A: large, unfitting armour, claws 3, regeneration 1, shaggy fur 1, tough skin 1,
deterioration 1, robust 1, strong 1
a: Renounce Religion, Upheaval


You were on level 4 of the Dungeon.
You worshipped Qazlal.
Qazlal was pleased with you.
You visited 1 branch of the dungeon, and saw 4 of its levels.

You collected 230 gold pieces.

Inventory:

Armour
 a - a +1 robe (worn)
 h - a scarf of shadows (worn)
Jewellery
 r - a ring of fire
Scrolls
 b - a scroll of noise {unknown}
 e - a scroll of enchant weapon
 f - a scroll of identify
 i - a scroll of teleportation
 l - 2 scrolls of amnesia
Potions
 g - 2 potions of curing


   Skills:
 + Level 3.2 Fighting
 + Level 3.4 Dodging
 - Level 1.0 Stealth
 + Level 5.8 Unarmed Combat


You had 5 spell levels left.
You didn't know any spells.
Your spell library was empty.

Dungeon Overview and Level Annotations

Branches:
Dungeon (4/15)
 Temple: D:4-7

Altars:
Qazlal
Trog

Shops:
D:2 *


Innate Abilities, Weirdness & Mutations

You are too large for most types of armour.
You have claws for hands.
Your natural rate of healing is unusually fast.
You are covered in fur. (AC +1)
You have tough skin. (AC +1)
Your body sometimes deteriorates upon taking damage.
You are robust. (+10% HP)
Your muscles are strong. (Str +2)


Message History

The gnoll is moderately wounded.
You feel very sick. The gnoll barely misses you.
The gnoll hits you with a +1 spear of venom.
You feel very sick.
The gnoll hits you from afar with a +0 spear.
The gnoll hits you with a +1 spear of venom.
You are more poisoned.
The kobold throws a stone.
The stone misses you.
The orc priest looks braver for a moment.
You claw the gnoll!
You kill the gnoll!
Qazlal accepts your kill.
You feel very sick. You block the gnoll's attack.
The hobgoblin is struck by lightning.
You kill the hobgoblin!
Qazlal accepts your kill.
An orc priest comes into view. It is wielding a +0 mace.
You feel very sick.
You feel very sick.
You feel very sick.
You feel sick.
You feel sick.
You feel sick.
You feel sick.
You feel sick.
You feel sick.
You feel sick.
You feel sick.
You are no longer poisoned.
The gnoll hits you with a +0 spear.
* * * LOW HITPOINT WARNING * * *
You scratch the gnoll but do no damage. The gnoll hits you with a +0 spear.
* * * LOW HITPOINT WARNING * * *
Something hits you.
* * * LOW HITPOINT WARNING * * *
You claw the gnoll!
The gnoll is severely wounded.
The gnoll hits you but does no damage. Something hits you.
You die...

####.8.# ........
#..8...8 ####### #...K...
#.....# #$...>.. #.
##.##...#@# #....... #.
........{g#######..8...8
. #.
#.......oo...o.o)o.....
.. #.
#.............)###.8..
#..#. #..............#
.##
.....#####...........|..#
#
.....<..##..............#
........##..............#
...........#.###........#


You could see 2 orc priests and a gnoll.

Vanquished Creatures
  The ghost of hilljack the Chiller, an amateur MfIE of Lugonu (D:3)
  A scorpion (D:3)
  2 scorpion simulacra (D:3)
  2 gnolls (D:4)
  3 adders
  2 worms (D:2)
  2 dart slugs (D:1)
  2 orcs (D:3)
  8 endoplasms
  2 giant cockroaches
  6 goblins
  6 hobgoblins
  6 jackals
  3 quokkas
  7 ball pythons
  5 bats
  2 frilled lizards (D:1)
  A jackal simulacrum (D:3)
  6 kobolds
  A quokka simulacrum (D:3)
  6 rats
74 creatures vanquished.

Notes
Turn   | Place    | Note
-------+----------+-------------------------------------------
     0 | D:1      | polio18 the Troll Monk began the quest for the Orb.
     0 | D:1      | Reached XP level 1. HP: 22/22 MP: 0/0
    87 | D:1      | Reached XP level 2. HP: 29/29 MP: 1/1
   388 | D:1      | Reached XP level 3. HP: 36/36 MP: 2/2
   604 | D:2      | Found Ross's Assorted Antiques.
  1254 | D:2      | Reached XP level 4. HP: 44/44 MP: 3/3
  1465 | D:3      | Reached skill level 4 in Unarmed Combat
  1512 | D:3      | You fall into a shaft and drop 1 floor!
  1525 | D:3      | Noticed a scorpion
  1529 | D:3      | Killed a scorpion
  1530 | D:3      | Reached XP level 5. HP: 46/53 MP: 4/4
  1577 | D:3      | Found a runed translucent gate.
  1578 | D:3      | Found a runed translucent gate.
  1598 | D:3      | Noticed a fire elemental
  1600 | D:3      | Found a stormy altar of Qazlal.
  1601 | D:3      | Noticed a water elemental
  1602 | D:3      | Noticed an air elemental
  1606 | D:3      | Became a worshipper of Qazlal Stormbringer
  1606 | D:3      | Reached * piety under Qazlal
  1606 | D:3      | Reached ** piety under Qazlal
  1967 | D:3      | Noticed hilljack's ghost (amateur MfIE)
  1983 | D:3      | Found a bloodstained altar of Trog.
  2070 | D:3      | Found a runed translucent gate.
  2283 | D:3      | Killed hilljack's ghost
  2284 | D:3      | Reached skill level 5 in Unarmed Combat
  2284 | D:3      | Reached XP level 6. HP: 32/61 MP: 5/5
  2361 | D:3      | Gained mutation: You sometimes lose the ability to read
                  | scrolls when taking damage. [potion of mutation]
  2361 | D:3      | Gained mutation: You possess an exceptional clarity of
                  | mind. [potion of mutation]
  2362 | D:3      | Lost mutation: You sometimes lose the ability to read
                  | scrolls when taking damage. [potion of mutation]
  2362 | D:3      | Lost mutation: You possess an exceptional clarity of mind.
                  | [potion of mutation]
  2362 | D:3      | Gained mutation: Your body sometimes deteriorates upon
                  | taking damage. [potion of mutation]
  2362 | D:3      | Gained mutation: Your muscles are strong. (Str +2) [potion
                  | of mutation]
  2362 | D:3      | Gained mutation: You are robust. (+10% HP) [potion of
                  | mutation]
  2417 | D:4      | HP: 2/67 [something (4)]
  2418 | D:4      | Slain by an orc wizard

Illustrated notes

Levels and vault maps discovered:
D:1:      minmay_arrival_checkered_box, layout_rooms, serial_bayou_pond_e,
          minmay_misc_feat_x
D:2:      minmay_alternating_diamond, layout_basic, serial_shops, shop
D:3:      layout_basic, trog_three_pillars_becter,
          nicolae_qazlal_style_of_elements, gammafunk_ghost_icy
D:4:      layout_basic, nicolae_ru_path_of_blood,
          worldfamousw_hep_ancestral_shrine, roderic_roman_lattice,
          grunt_decor_arrowhead, grunt_ministairs_2

Skill      XL: |  1  2  3  4  5 |
---------------+----------------+-----
Dodging        | 3 |  3.4
Fighting       | 3 |  3.2
Unarmed Combat | 4 5 |  5.8
Stealth        | |  1.0

Action                   |  1- 3 |  4- 6 || total
-------------------------+-------+-------++-------
Melee: Unarmed           |    99 |    59 ||   158
       Punch             |       |     1 ||     1
  Use: Scroll            |       |     9 ||     9
       Potion            |       |     7 ||     7
 Stab: Sleeping          |     3 |     1 ||     4
Armor: Robe              |    37 |    11 ||    48
Dodge: Dodged            |    65 |    23 ||    88
Block: Other             |       |     3 ||     3

Table legend: (Time is in decaauts)
 A = Elapsed time spent in this place.
 B = Non-inter-level travel time spent in this place.
 C = Inter-level travel time spent in this place.
 D = Time resting spent in this place.
 E = Time spent auto-exploring this place.
 F = Levels seen in this place.
 G = Mean time per level.
                   A        B        C        D        E       F      G
               +--------+--------+--------+--------+--------+-----+--------+
         Total |   2406 |   2339 |     67 |     17 |   1771 |   4 |  601.5 |
       Dungeon |   2406 |   2339 |     67 |     17 |   1771 |   4 |  601.5 |
               +--------+--------+--------+--------+--------+-----+--------+

Top non-repeatable levels by time:
     D:3: 1007 daAuts
     D:2: 837 daAuts
     D:1: 509 daAuts
     D:4: 53 daAuts
